Map: Incorporeal LE

Players

Эрэт - Winner!

  • Race: Protoss Protoss
  • League: Master
  • Spawn Location: 11:00

Sindyr

  • Race: Zerg Zerg
  • League: Master
  • Spawn Location: 5:00

VOD

Have the link to the VOD?

Description

Time

  • Played on: Oct. 25, 2025, 10:52 a.m.
  • Length: 19:35
Show
View Real Time Build Order
Export as new Build Order

Эрэт Protoss - Winner!

Build Orders: Carriers 

Get SALT Encoding   

  12  0:00  Probe  
  13  0:12  Probe  
  14  0:25  Probe  
  15  0:33  Pylon  
  15  0:51  Probe  
  16  1:03  Probe  
  17  1:04  Pylon  
  17  1:15  Probe  
  17  1:18  Pylon  
  18  1:27  Pylon  
  18  1:46  Forge  
  17  2:06  Gateway  
  17  2:11  Pylon  
  17  2:19  Pylon  
  17  2:25  Photon Cannon  
  17  2:32  Assimilator  
  17  2:37  Assimilator  
  17  2:53  Pylon  
  17  3:02  Photon Cannon  
  17  3:03  Probe  
  18  3:11  Cybernetics Core  
  18  3:15  Pylon  
  18  3:16  Probe  
  19  3:28  Probe  
  20  3:40  Probe  
  21  3:49  Nexus, Stalker  
  21  3:52  Probe  
  24  4:04  Probe  
  24  4:06  Assimilator  
  24  4:08  Assimilator  
  25  4:16  Pylon  
  25  4:31  Stargate  
  25  4:32  Stalker  
  27  4:59  Stalker  
  27  5:00  Cybernetics Core  
  27  5:04  Shield Battery  
  27  5:05  Probe  
  30  5:15  Photon Cannon  
  30  5:17  Probe  
  31  5:28  Void Ray  
  35  5:29  Probe, Stalker  
  38  5:41  Probe  
  39  5:53  Probe  
  39  5:54  Stargate  
  40  6:05  Probe  
  40  6:10  Photon Cannon  
  41  6:13  Shield Battery  
  41  6:15  Pylon  
  41  6:17  Probe  
  42  6:29  Probe  
  43  6:35  Shield Battery  
  43  6:41  Probe  
  44  6:49  Pylon  
  44  6:54  Probe  
  45  7:06  Probe  
  42  7:29  Probe  
  43  7:41  Probe  
  44  7:53  Probe  
  45  8:13  Photon Cannon  
  45  8:15  Photon Cannon  
  45  8:17  Photon Cannon  
  45  8:19  Photon Cannon  
  45  8:23  Photon Cannon  
  45  8:26  Photon Cannon  
  45  8:30  Photon Cannon  
  45  8:31  Photon Cannon  
  45  8:35  Pylon  
  45  9:09  Fleet Beacon  
  45  9:25  Protoss Air Weapons Level 1, Shield Battery  
  45  10:06  Stargate, Carrier  
  57  10:07  Carrier  
  57  10:26  Protoss Air Armor Level 1  
  53  11:19  Carrier x2  
  53  11:20  Carrier  
  71  11:34  Stargate  
  71  11:41  Protoss Air Weapons Level 2  
  71  12:12  Probe, Nexus  
  72  12:23  Carrier  
  78  12:37  Protoss Air Armor Level 2  
  78  12:48  Pylon  
  78  12:49  Pylon  
  78  12:52  Pylon  
  78  12:54  Pylon  
  78  12:55  Pylon  
  78  12:57  Pylon  
  78  13:00  Pylon  
  78  13:01  Pylon  
  78  13:02  Pylon  
  78  13:06  Probe  
  78  13:07  Carrier x2  
  78  13:10  Carrier  
  97  13:19  Probe  
  98  13:25  Probe  
  99  13:27  Carrier  
  99  13:31  Probe  
  106  13:37  Probe  
  115  13:43  Probe  
  115  13:45  Mothership  
  116  13:49  Probe  
  117  14:01  Probe  
  118  14:12  Carrier  
  118  14:13  Probe  
  131  14:17  Carrier  
  131  14:21  Protoss Air Weapons Level 3  
  129  15:31  Assimilator  
  129  15:36  Assimilator  
  129  15:45  Carrier x4  
  153  16:49  Carrier x2  
Show
View Real Time Build Order
Export as new Build Order

Sindyr Zerg 

Build Orders: Pool First 

Get SALT Encoding   

  12  0:03  Drone  
  13  0:15  Drone  
  13  0:17  Extractor  
  13  0:18  Drone  
  14  0:21  Extractor  
  14  0:22  Drone  
  15  0:30  Overlord  
  16  0:45  Spawning Pool  
  16  0:48  Drone  
  16  0:56  Drone  
  17  1:18  Hatchery  
  16  1:33  Zergling x4  
  16  1:36  Zergling x2  
  19  1:50  Spine Crawler  
  18  2:05  Queen  
  18  2:07  Overlord  
  20  2:19  Overlord  
  20  2:34  Queen  
  20  2:36  Drone x3  
  26  2:37  Drone  
  26  2:43  Overlord  
  26  2:55  Drone x2, Extractor  
  27  3:11  Extractor, Drone x2  
  28  3:13  Extractor  
  28  3:17  Drone x2  
  29  3:20  Drone  
  30  4:00  Lair  
  30  4:05  Drone x4  
  34  4:12  Queen  
  34  4:15  Zergling x2  
  34  4:16  Zergling x14  
  44  4:27  Drone x2  
  46  4:43  Drone  
  46  4:44  Drone x5  
  52  4:46  Overlord x2  
  52  5:04  Spore Crawler  
  52  5:06  Spore Crawler  
  50  5:15  Drone x2  
  50  5:16  Drone x4  
  56  5:26  Overlord  
  56  5:29  Zergling x6  
  56  5:33  Metabolic Boost  
  59  5:41  Drone x3  
  62  5:49  Extractor  
  61  5:55  Hatchery  
  60  6:05  Evolution Chamber  
  60  6:07  Roach Warren  
  60  6:09  Drone  
  60  6:10  Drone x3  
  62  6:42  Spore Crawler  
  62  6:43  Spore Crawler  
  62  6:46  Spore Crawler  
  57  6:49  Zergling x14  
  57  6:50  Zergling x18  
  66  7:12  Zergling x16  
  69  7:23  Drone x4  
  73  7:41  Hatchery  
  73  7:54  Spore Crawler  
  73  7:55  Spore Crawler  
  70  8:13  Pneumatized Carapace  
  70  8:25  Spore Crawler  
  70  8:26  Spore Crawler  
  68  8:28  Drone  
  68  8:29  Drone x2  
  68  8:30  Spore Crawler  
  68  8:31  Spore Crawler  
  68  8:32  Spore Crawler  
  68  8:39  Drone x3  
  71  8:41  Spore Crawler x2  
  67  9:00  Overseer  
  67  9:15  Queen  
  69  9:17  Zerg Missile Weapons Level 1  
  69  9:21  Evolution Chamber  
  69  9:23  Hydralisk Den  
  67  9:26  Hatchery, Drone  
  67  9:27  Drone x7  
  67  9:30  Extractor  
  67  9:31  Extractor  
  72  9:34  Spore Crawler, Overlord  
  72  9:36  Overlord x2  
  72  9:38  Spore Crawler  
  70  9:40  Glial Reconstitution, Spire  
  69  9:49  Overlord  
  69  10:11  Overseer x2  
  69  10:16  Drone  
  69  10:17  Drone x4  
  69  10:18  Drone  
  69  10:19  Overlord  
  69  10:20  Overlord  
  75  10:22  Zerg Ground Armor Level 1  
  75  10:23  Muscular Augments  
  75  10:36  Spore Crawler  
  75  10:41  Hydralisk x5  
  75  10:42  Hydralisk x10  
  104  10:46  Hydralisk  
  104  10:48  Hydralisk  
  108  10:57  Overlord  
  108  10:58  Overlord  
  108  11:32  Zerg Missile Weapons Level 2  
  108  11:35  Infestation Pit  
  108  11:37  Queen  
  108  11:38  Overseer  
  109  12:04  Spore Crawler  
  108  12:11  Spore Crawler  
  107  12:29  Hatchery, Zerg Ground Armor Level 2  
  106  12:31  Hive  
  106  12:38  Drone  
  106  12:39  Drone x11  
  106  12:40  Drone x5  
  106  12:41  Drone x5  
  106  12:42  Overlord x4  
  128  13:25  Spore Crawler  
  128  13:26  Spore Crawler x2, Extractor  
  124  13:27  Extractor  
  123  13:50  Zerg Missile Weapons Level 3  
  123  14:08  Queen  
  125  15:34  Drone  
  125  15:35  Drone x13  
  139  15:37  Zerg Ground Armor Level 3  
  139  15:38  Grooved Spines  
  139  15:53  Drone x2  
  141  15:59  Spore Crawler  
  141  16:00  Spore Crawler  
  141  16:01  Spore Crawler  
  138  16:10  Spore Crawler  
  137  16:11  Spore Crawler  
  137  16:14  Extractor  
  137  16:15  Drone x4, Extractor  
  138  16:27  Drone x10, Zerg Melee Weapons Level 1  
  138  16:28  Drone x7  
  138  16:29  Drone x2  
  154  16:48  Hydralisk  
  154  16:49  Hydralisk x3  
  141  17:07  Hydralisk  
  141  17:08  Hydralisk x24  
  125  17:09  Hydralisk  
  126  17:29  Zergling x8  
  117  17:30  Zergling x20, Hydralisk x2  
  117  17:31  Roach x5, Hydralisk x8  
  117  17:33  Unknown  
  117  17:34  Overlord x4  
  84  18:20  Hydralisk  
  68  18:27  Hydralisk  
  68  18:28  Hydralisk x8  
  80  18:42  Hydralisk x3  
Tags
 
Composition
Carriers
Matchup
PvZ
Opening
Pool First
Replay Pack
Multiplayer
Spawn Locations
Cross Positions
Add a new tag
Caveats
  • Supply blocks, unpowered buildings, or Contaminate may cause inaccurate times.
  • Supply counts are checked every 10 seconds.